 Dungeon Crawl Stone Soup version 0.30-a0-916-g9813417 (webtiles) character file.

Game seed: 10532612519983257273

1043 Dawnplanks the Cleaver (level 8, -6/70 HPs)
             Began as a Hill Orc Berserker on Mar 21, 2023.
             Was a Priest of Trog.
             Mangled by Dorkslayer's ghost (8 damage)
             ... on level 5 of the Dungeon.
             The game lasted 00:08:21 (4388 turns).

Dawnplanks the Cleaver (Hill Orc Berserker)         Turns: 4388, Time: 00:08:21

Health: -6/70      AC: 11    Str: 22    XL:     8   Next: 25%
Magic:  8/8        EV:  8    Int:  7    God:    Trog [***...]
Gold:   279        SH:  3    Dex: 10    Spells: 7/7 levels left

rFire   . . .      SeeInvis +    a - +0 hand axe
rCold   . . .      Faith    .    y - +0 buckler
rNeg    . . .      Spirit   .    r - +0 chain mail
rPois   .          Reflect  .    (no helmet)
rElec   .          Rampage  .    (no cloak)
rCorr   .                        g - +0 pair of gloves
Will    .....                    (no boots) Stlth
                                 n - amulet of magic regeneration
HPRegen 0.31/turn                i - ring of see invisible
MPRegen 0.51/turn                (no ring)

@: on berserk cooldown, slowed, very slow
A: no striking features
a: Renounce Religion, Berserk, Trog's Hand


You were on level 5 of the Dungeon.
You worshipped Trog.
Trog was most pleased with you.
You visited 2 branches of the dungeon, and saw 6 of its levels.

You collected 279 gold pieces.

Inventory:

Hand Weapons
 a - a +0 hand axe (weapon)
 p - a +3 halberd
Missiles
 s - a curare-tipped dart (quivered)
 t - 2 throwing nets
Armour
 g - a +0 pair of gloves (worn)
 r - a +0 chain mail (worn)
 y - a +0 buckler (worn)
Jewellery
 i - a ring of see invisible (left hand)
 n - an amulet of magic regeneration (around neck)
Wands
 w - a wand of light (9)
Scrolls
 c - a scroll of vulnerability {unknown}
 h - a scroll of teleportation {unknown}
 j - 6 scrolls of identify {unknown}
 k - a scroll of blinking {unknown}
 q - 2 scrolls of enchant armour {unknown}
 u - a scroll of brand weapon {unknown}
 v - a scroll of amnesia {unknown}
 z - a scroll of poison {unknown}
Potions
 b - 6 potions of heal wounds {unknown}
 d - 2 potions of berserk rage {unknown}
 e - 2 potions of attraction {unknown}
 f - 6 potions of curing {unknown}
 l - 4 potions of mutation {unknown}
 m - a potion of magic {unknown}
 o - a potion of might {unknown}
 x - a potion of degeneration {unknown}


   Skills:
 + Level 5.9 Fighting
 + Level 9.6 Axes
 + Level 5.2 Armour
 + Level 2.7 Dodging


You had 7 spell levels left.
You didn't know any spells.
Your spell library contained the following spells:

 Spells                   Type           Power      Damage    Failure   Level
 Necrotise                Necr           0%         1d4       99%         1
 Ensorcelled Hibernation  Hex/Ice        0%         N/A       100%        2
 Passwall                 Tmut/Erth      0%         N/A       100%        2
 Swiftness                Air            0%         N/A       100%        3
 Vampiric Draining        Necr           0%         2d6       100%        3
 Agony                    Necr           0%         N/A       100%        5


Dungeon Overview and Level Annotations

Branches:
Dungeon (5/15)             Temple (1/1) D:4

Altars:
Ashenzari
Cheibriados
Dithmenos
Elyvilon
Fedhas
Gozag
Kikubaaqudgha
Makhleb
Nemelex Xobeh
Okawaru
Qazlal
Ru
Sif Muna
Uskayaw
Vehumet
Zin
The Shining One

Shops:
D:1 [

Annotations:
D:5 Dorkslayer's ghost, novice HOFi


Message History

You miss Dorkslayer's ghost.
Dorkslayer's ghost is heavily damaged.
Dorkslayer's ghost hits you but does no damage.
You block Dorkslayer's ghost's attack.
You hit Dorkslayer's ghost.
Dorkslayer's ghost is heavily damaged.
You block Dorkslayer's ghost's attack.
You barely miss Dorkslayer's ghost.
Dorkslayer's ghost is heavily damaged.
Dorkslayer's ghost hits you.
You hit Dorkslayer's ghost.
Dorkslayer's ghost is severely damaged.
Dorkslayer's ghost hits you!
You barely miss Dorkslayer's ghost.
Dorkslayer's ghost is severely damaged.
Dorkslayer's ghost barely misses you. You block Dorkslayer's ghost's attack.
You miss Dorkslayer's ghost.
Dorkslayer's ghost is severely damaged.
You block Dorkslayer's ghost's attack.
You miss Dorkslayer's ghost.
Dorkslayer's ghost is severely damaged.
Dorkslayer's ghost hits you!
Dorkslayer's ghost hits you but does no damage.
You closely miss Dorkslayer's ghost.
Dorkslayer's ghost is severely damaged.
Dorkslayer's ghost hits you!
* * * LOW HITPOINT WARNING * * *
You hit Dorkslayer's ghost but do no damage.
Dorkslayer's ghost is severely damaged.
Dorkslayer's ghost hits you!
* * * LOW HITPOINT WARNING * * *
You hit Dorkslayer's ghost but do no damage.
Dorkslayer's ghost is severely damaged.
Dorkslayer's ghost hits you.
* * * LOW HITPOINT WARNING * * *
Dorkslayer's ghost completely misses you.
You completely miss Dorkslayer's ghost.
Dorkslayer's ghost is severely damaged.
Dorkslayer's ghost hits you!
You die...

...#.....)...>...#
...##..<.##.#.##.#
..............##.#
.....>...........#
.)#####.....#.####
..##.......##....##
..###########.....#
..# ###...# ###
##@## #.W.# #.~.#
#.~.# #.~.# #./.#
#####


You could see Dorkslayer's ghost.

Vanquished Creatures
  The ghost of Caerwyn the Digger, an amateur GrEE (D:3)
  A centaur (D:5)
  A phantom (D:5)
  A kobold brigand (D:3)
  A scorpion (D:4)
  A wyvern skeleton (D:3)
  2 howler monkeys (D:4)
  A jelly (D:4)
  A centaur skeleton (D:3)
  An orc priest (D:4)
  Jessica (D:2)
  An orc wizard (D:4)
  An iguana (D:5)
  18 gnolls
  6 adders
  3 dart slugs
  4 orcs
  2 ball pythons
  6 bats
  8 endoplasms
  4 giant cockroaches
  8 goblins
  6 hobgoblins
  9 jackals
  8 quokkas
  A frilled lizard (D:2)
  46 kobolds
  5 rats
148 creatures vanquished.

Vanquished Creatures (others)
  2 plants (D:4)
2 creatures vanquished.

Grand Total: 150 creatures vanquished

Notes
Turn   | Place    | Note
-------+----------+-------------------------------------------
     0 | D:1      | Dawnplanks the Hill Orc Berserker began the quest for the
                  | Orb.
     0 | D:1      | Reached XP level 1. HP: 19/19 MP: 1/1
    16 | D:1      | Found Erois's Armour Shoppe.
   113 | D:1      | Reached XP level 2. HP: 27/27 MP: 2/2
   627 | D:2      | Reached XP level 3. HP: 33/33 MP: 3/3
   698 | D:2      | Reached ** piety under Trog
   950 | D:2      | Reached skill level 5 in Axes
   974 | D:2      | Noticed Jessica
   977 | D:2      | Reached XP level 4. HP: 41/41 MP: 4/4
   984 | D:2      | Killed Jessica
  1467 | D:3      | Reached XP level 5. HP: 47/47 MP: 5/5
  1638 | D:3      | Reached skill level 6 in Axes
  1648 | D:3      | Found a faded altar of an unknown god.
  1768 | D:3      | Found a runed translucent gate.
  1768 | D:3      | Found a runed translucent gate.
  1768 | D:3      | Found a runed translucent gate.
  1773 | D:3      | Noticed Caerwyn's ghost (amateur GrEE)
  1785 | D:3      | Reached XP level 6. HP: 55/55 MP: 6/6
  1787 | D:3      | Killed Caerwyn's ghost
  1788 | D:3      | Reached skill level 7 in Axes
  1838 | D:3      | Reached skill level 5 in Fighting
  1927 | D:3      | Found a hide-covered altar of Uskayaw.
  2318 | D:3      | Reached *** piety under Trog
  2328 | D:3      | Reached XP level 7. HP: 61/61 MP: 7/7
  2452 | D:3      | Reached skill level 8 in Axes
  2886 | D:4      | Found a staircase to the Ecumenical Temple.
  2924 | D:4      | Found a blossoming altar of Fedhas.
  3172 | D:4      | Found a glowing golden altar of the Shining One.
  3261 | Temple   | Entered the Ecumenical Temple
  3575 | D:4      | Reached skill level 9 in Axes
  3722 | D:4      | Reached XP level 8. HP: 65/69 MP: 8/8
  3783 | D:4      | Reached **** piety under Trog
  4000 | D:5      | Entered Level 5 of the Dungeon
  4040 | D:5      | Reached skill level 5 in Armour
  4283 | D:5      | Found a runed translucent door.
  4286 | D:5      | Noticed Dorkslayer's ghost (novice HOFi)
  4387 | D:5      | HP: 2/70 [Dorkslayer's ghost (3)]
  4388 | D:5      | Mangled by Dorkslayer's ghost

Illustrated notes

Levels and vault maps discovered:
D:1:      psy_arrival_terrarium, layout_rooms, serial_shops, shop
D:2:      minmay_skewed_foursquare, layout_loops_ring, uniq_jessica
D:3:      minmay_goblin_kobold_castle, layout_loops_corners,
          mainiacjoe_overflow_concentric_impassable,
          hellmonk_ecumenical_altar_pennies_from_heaven,
          gammafunk_ghost_necromancy
D:4:      layout_gridville, tso_oasis_becter, overflow_temple_1_default,
          minmay_temple_entry_junction
D:5:      layout_basic, ebering_ghost_reflecting_pool
Temple:   nicolae_temple_two_arcs

Skill      XL: |  1  2  3  4  5  6  7  8 |
---------------+-------------------------+-----
Fighting       | 4 5 |  5.9
Dodging        | 2 |  2.7
Axes           | 5 6 7 9 |  9.6
Armour         | 3 4 5 |  5.2

Action                     |  1- 3 |  4- 6 |  7- 9 || total
---------------------------+-------+-------+-------++-------
  Melee: Hand axe          |   102 |   169 |   224 ||   495
         Punch             |       |     1 |     1 ||     2
 Invoke: Trog's Hand       |       |     3 |     2 ||     5
         Berserk           |       |     4 |     2 ||     6
 Armour: Animal skin       |     7 |       |       ||     7
         Scale mail        |    31 |    33 |       ||    64
         Chain mail        |       |    64 |    98 ||   162
  Dodge: Dodged            |    65 |    75 |    87 ||   227
  Block: Buckler           |       |       |     5 ||     5

Table legend: (Time is in decaauts)
 A = Elapsed time spent in this place.
 B = Non-inter-level travel time spent in this place.
 C = Inter-level travel time spent in this place.
 D = Time resting spent in this place.
 E = Time spent auto-exploring this place.
 F = Levels seen in this place.
 G = Mean time per level.
                   A        B        C        D        E       F      G
               +--------+--------+--------+--------+--------+-----+--------+
         Total |   4414 |   4108 |    306 |    266 |   2953 |   6 |  735.7 |
       Dungeon |   4294 |   3995 |    299 |    266 |   2849 |   5 |  858.8 |
        Temple |    120 |    113 |      7 |      0 |    104 |   1 |  120.0 |
               +--------+--------+--------+--------+--------+-----+--------+

Top non-repeatable levels by time:
     D:3: 1494 daAuts
     D:4: 1075 daAuts
     D:2: 744 daAuts
     D:1: 601 daAuts
     D:5: 379 daAuts
  Temple: 120 daAuts
